Map: Triton LE

Players

Ziggy - Winner!

  • Race: Terran Terran
  • Spawn Location: 11:00

drumhead

  • Race: Protoss Protoss
  • Spawn Location: 5:00

VOD

Have the link to the VOD?

Description

Time

  • Played on: Sept. 6, 2019, 12:43 p.m.
  • Length: 11:06
Show
View Real Time Build Order
Export as new Build Order

Ziggy Terran - Winner!

Build Orders: Gas First Reaper Expand, Liberator Opening, Mech 

Get SALT Encoding   

  12  0:00  SCV  
  13  0:12  SCV  
  14  0:17  Supply Depot  
  14  0:24  SCV  
  15  0:29  Refinery  
  15  0:38  SCV  
  16  0:45  Barracks  
  16  0:50  SCV  
  17  1:03  SCV  
  18  1:15  SCV  
  19  1:32  Orbital Command, Reaper  
  20  1:37  Refinery  
  20  1:53  Command Center  
  20  2:02  SCV  
  20  2:08  Factory  
  21  2:11  Barracks Reactor  
  21  2:15  SCV  
  22  2:20  Supply Depot  
  22  2:24  Refinery  
  22  2:27  SCV  
  23  2:42  SCV  
  24  2:52  Starport  
  24  2:58  SCV  
  25  3:00  Hellion x2  
  25  3:04  Barracks Tech Lab  
  28  3:07  Orbital Command  
  28  3:10  SCV  
  29  3:15  Liberator  
  29  3:21  Hellion  
  29  3:22  SCV, Hellion  
  29  3:24  Marauder  
  39  3:35  SCV  
  39  3:37  SCV  
  41  3:42  Supply Depot  
  41  3:48  SCV  
  42  3:49  SCV  
  42  3:53  Refinery  
  42  3:55  Supply Depot  
  43  3:57  Marine x2  
  43  4:00  Liberator  
  45  4:03  SCV  
  45  4:04  Siege Tank, SCV  
  50  4:16  SCV x2  
  53  4:24  Engineering Bay  
  53  4:28  SCV  
  53  4:29  Supply Depot  
  55  4:31  SCV  
  55  4:32  Marine  
  55  4:33  Marine  
  55  4:38  Siege Tank  
  60  4:42  SCV  
  60  4:43  SCV  
  62  4:46  Liberator  
  62  4:52  Missile Turret  
  60  4:54  SCV  
  60  4:55  SCV  
  60  5:06  SCV  
  62  5:07  SCV  
  62  5:09  Marine x2  
  65  5:18  Siege Tank, SCV  
  65  5:19  SCV  
  70  5:26  Command Center  
  70  5:29  Supply Depot  
  70  5:30  SCV  
  70  5:32  SCV  
  70  5:34  Missile Turret  
  70  5:35  Marine x2  
  74  5:40  Supply Depot  
  74  5:43  SCV  
  74  5:44  SCV  
  74  5:45  Refinery  
  76  5:53  Starport Tech Lab  
  76  5:55  SCV  
  76  5:56  SCV  
  78  6:01  Armory  
  78  6:04  Armory  
  78  6:07  SCV  
  78  6:08  SCV  
  80  6:15  Factory x2  
  80  6:19  SCV  
  80  6:20  SCV  
  76  6:26  Siege Tank, Marine x2  
  76  6:31  SCV  
  82  6:33  SCV  
  82  6:34  Missile Turret  
  82  6:35  Missile Turret  
  82  6:38  Orbital Command, Missile Turret  
  80  6:43  Missile Turret, SCV  
  80  6:45  Missile Turret, SCV  
  82  6:48  Missile Turret  
  82  6:53  Terran Vehicle Weapons Level 1, Terran Vehicle And Ship Armor Level 1  
  82  6:55  SCV  
  82  6:57  SCV  
  82  6:58  Siege Tank  
  82  7:00  Barracks Reactor  
  87  7:02  Factory Reactor  
  87  7:06  Siege Tank  
  87  7:07  SCV  
  91  7:09  SCV  
  91  7:13  Orbital Command  
  92  7:19  Viking x2, SCV  
  92  7:21  SCV  
  98  7:29  Refinery x2  
  98  7:31  SCV  
  98  7:33  SCV  
  98  7:36  Supply Depot x2  
  100  7:37  Supply Depot  
  100  7:38  Supply Depot  
  100  7:39  SCV  
  100  7:40  Siege Tank  
  100  7:41  Siege Tank  
  100  7:44  SCV  
  108  7:45  SCV  
  109  7:51  Supply Depot x2  
  109  7:54  Missile Turret  
  109  7:58  SCV x3, Hellion x2  
  116  8:00  Infernal Pre-Igniter  
  116  8:12  Siege Tank  
  119  8:14  Siege Tank  
  119  8:18  Command Center  
  119  8:19  Hellion x2  
  126  8:23  Supply Depot  
  126  8:27  SCV  
  126  8:28  Factory, SCV x2  
  126  8:29  Factory  
  126  8:31  Factory  
  129  8:36  Supply Depot  
  129  8:39  Supply Depot  
  129  8:40  Viking  
  129  8:41  Viking, Hellion x2  
  135  8:45  Siege Tank  
  140  8:52  Supply Depot x2  
  140  9:02  Hellion x2  
  144  9:15  Refinery  
  144  9:18  Refinery  
  144  9:23  Hellion x2  
  144  9:24  Siege Tank, Factory Tech Lab  
  144  9:26  Siege Tank, Factory Tech Lab  
  144  9:27  Factory Tech Lab  
  145  9:38  Command Center  
  145  9:39  Command Center, SCV x3  
  145  9:45  Hellion x3  
  155  9:46  Hellion  
  155  9:51  SCV x3  
  155  9:52  Planetary Fortress  
  158  9:56  Siege Tank  
  158  9:58  Siege Tank  
  164  10:06  Hellion x2  
  168  10:07  Missile Turret  
  168  10:08  Missile Turret  
  168  10:11  Command Center  
  168  10:21  Siege Tank  
  168  10:26  Siege Tank x2  
  183  10:35  Hellion x2  
  175  11:02  Command Center  
  175  11:03  Command Center  
Show
View Real Time Build Order
Export as new Build Order

drumhead Protoss 

Build Orders: 1 Gate Expand 

Get SALT Encoding   

  12  0:01  Probe  
  13  0:13  Probe  
  14  0:18  Pylon  
  14  0:25  Probe  
  15  0:34  Probe  
  15  0:36  Gateway  
  15  0:42  Probe  
  16  0:48  Assimilator  
  17  0:51  Probe  
  18  1:03  Probe  
  19  1:15  Probe  
  20  1:22  Nexus  
  20  1:31  Cybernetics Core  
  20  1:32  Zealot  
  20  1:35  Probe  
  23  1:48  Pylon  
  23  1:52  Probe  
  23  1:58  Stalker  
  23  2:06  Probe  
  26  2:09  Warp Gate  
  26  2:18  Probe  
  27  2:28  Assimilator  
  27  2:29  Probe, Stalker  
  30  2:37  Probe  
  30  2:38  Probe  
  32  2:50  Probe  
  32  3:05  Probe  
  32  3:08  Probe  
  32  3:12  Robotics Facility  
  33  3:15  Stalker  
  33  3:16  Probe  
  33  3:17  Probe  
  36  3:24  Probe  
  36  3:26  Gateway  
  37  3:29  Probe  
  37  3:31  Gateway  
  39  3:35  Probe  
  39  3:39  Gateway  
  40  3:44  Pylon  
  40  3:47  Probe  
  40  3:48  Probe  
  42  3:53  Warp Prism  
  42  3:56  Pylon  
  42  3:59  Probe  
  42  4:00  Probe  
  44  4:10  Stalker  
  44  4:11  Probe  
  42  4:18  Probe  
  42  4:23  Shield Battery, Probe  
  44  4:30  Stalker x2  
  48  4:33  Probe  
  48  4:35  Observer  
  49  4:43  Probe  
  47  5:01  Probe  
  47  5:03  Stalker  
  47  5:06  Probe  
  48  5:18  Probe  
  48  5:20  Adept  
  48  5:21  Adept, Stalker  
  52  5:22  Probe  
  52  5:27  Probe  
  56  5:30  Probe  
  56  5:45  Stalker  
  56  5:46  Probe  
  53  5:53  Probe  
  53  5:54  Probe  
  53  5:55  Nexus  
  54  5:57  Pylon  
  54  6:03  Probe  
  55  6:06  Probe  
  55  6:08  Stalker  
  58  6:14  Probe  
  53  6:19  Probe  
  53  6:23  Probe  
  53  6:31  Probe x2  
  56  6:40  Probe  
  56  6:43  Probe  
  58  6:48  Probe  
  58  6:52  Immortal  
  63  6:55  Probe  
  63  6:56  Probe  
  65  7:07  Pylon  
  65  7:08  Probe x2  
  67  7:16  Twilight Council  
  67  7:18  Forge  
  67  7:20  Probe  
  68  7:25  Probe  
  68  7:27  Probe  
  69  7:32  Probe  
  69  7:35  Probe  
  71  7:37  Probe  
  71  7:41  Immortal  
  71  7:43  Charge  
  78  7:44  Probe  
  78  7:53  Probe  
  78  7:55  Probe  
  78  7:57  Probe  
  81  7:59  Protoss Ground Weapons Level 1  
  81  8:03  Probe  
  81  8:05  Probe, Zealot x4  
  90  8:11  Probe x2  
  87  8:20  Probe  
  87  8:25  Immortal  
  92  8:28  Probe  
  92  8:33  Pylon  
  93  8:49  Pylon  
  93  8:51  Pylon, Probe x3  
  96  8:57  Pylon  
  96  8:58  Nexus  
  96  8:59  Pylon  
  96  9:00  Probe  
  96  9:04  Probe x2  
  96  9:05  Zealot  
  96  9:08  Probe  
  101  9:12  Immortal  
  101  9:15  Stalker x2  
  101  9:16  Probe  
  107  9:17  Gateway  
  107  9:21  Probe  
  107  9:23  Probe  
  101  9:28  Probe  
  100  9:34  Robotics Bay  
  100  9:35  Probe x2  
  101  9:40  Probe  
  101  9:43  Probe  
  103  9:46  Pylon  
  103  9:47  Probe  
  103  9:52  Probe  
  102  9:53  Immortal, Probe  
  102  9:58  Probe  
  108  10:03  Zealot x3  
  108  10:06  Probe  
  115  10:07  Probe x2  
  115  10:10  Probe  
  118  10:19  Probe x2  
  110  10:21  Robotics Facility  
  110  10:27  Zealot x4  
  118  10:34  Probe  
  114  10:35  Zealot  
  79  10:50  Zealot x4  
Tags
 
Add a new tag
Caveats
  • Supply blocks, unpowered buildings, or Contaminate may cause inaccurate times.
  • Supply counts are checked every 10 seconds.